 Dungeon Crawl Stone Soup version 0.29.1-15-g9cfb28693d (webtiles) character file.

Game seed: 3476806553823081123

194 Erymatos the Chopper (level 5, -2/48 HPs)
             Began as a Minotaur Berserker on Apr 27, 2023.
             Was a Believer of Trog.
             Slain by an ogre
             ... wielding a +0 giant spiked club
              (19 damage)
             ... on level 4 of the Dungeon.
             The game lasted 00:04:16 (2677 turns).

Erymatos the Chopper (Minotaur Berserker)           Turns: 2677, Time: 00:04:16

Health: -2/48      AC:  7    Str: 23    XL:     5   Next: 44%
Magic:  4/4        EV: 11    Int:  4    God:    Trog [**....]
Gold:   207        SH:  0    Dex: 10    Spells: 4/4 levels left

rFire   . . .      SeeInvis .   a - +0 hand axe
rCold   . . .      Faith    .   (no shield)
rNeg    . . .      Spirit   .   q - +0 ring mail
rPois   .          Reflect  .   (helmet restricted)
rElec   .          Harm     .   g - +0 cloak
rCorr   .          Rampage  .   o - +0 pair of gloves
Will    .....                   (no boots)
Stlth   ..........              (no amulet)
HPRegen 0.16/turn               (no ring)
MPRegen 0.09/turn               (no ring)

@: on berserk cooldown, slowed, very slow
A: horns 2, retaliatory headbutt
a: Renounce Religion, Berserk, Trog's Hand


You were on level 4 of the Dungeon.
You worshipped Trog.
Trog was pleased with you.
You visited 1 branch of the dungeon, and saw 4 of its levels.

You collected 207 gold pieces.

Inventory:

Hand Weapons
 a - a +0 hand axe (weapon)
Armour
 g - a +0 cloak (worn)
 o - a +0 pair of gloves (worn)
 q - a +0 ring mail (worn)
Jewellery
 b - a ring of protection from fire
Scrolls
 e - a scroll of amnesia {unknown}
 h - a scroll of fear {unknown}
 i - 3 scrolls of teleportation {unknown}
 j - a scroll of identify {unknown}
 k - a scroll of enchant weapon {unknown}
 l - 2 scrolls of vulnerability {unknown}
 p - 2 scrolls of blinking {unknown}
Potions
 c - a potion of berserk rage {unknown}
 d - a potion of flight {unknown}
 f - a potion of curing {unknown}
 n - a potion of lignification {unknown}
 r - 3 potions of heal wounds {unknown}


   Skills:
 + Level 5.0 Fighting
 + Level 6.0 Axes
 + Level 2.9 Armour
 + Level 2.9 Dodging


You had 4 spell levels left.
You didn't know any spells.
Your spell library was empty.

Dungeon Overview and Level Annotations

Branches:
Dungeon (4/15)
 Temple: D:4-7

Altars:
Qazlal
Trog


Innate Abilities, Weirdness & Mutations

You have a pair of horns on your head.
You reflexively headbutt those who attack you in melee.


Message History

Your Fighting skill increases to level 5!
Your Axes skill increases to level 6!
Unknown command.
The goblin hits you but does no damage.
Things that are here:
a +0 dagger; a goblin corpse Unknown command.
You slash the goblin!
You kill the goblin!
Trog accepts your kill.
You start resting.
You feel a strong urge to attack something.
You are no longer berserk.
You are exhausted.
You feel yourself slow down.
You start resting.
An ogre comes into view. It is wielding a +0 giant spiked club.
The ogre shouts!
You hit the ogre.
The ogre is lightly wounded.
The ogre barely misses you. You furiously retaliate!
You headbutt the ogre, but do no damage.
Unknown command.
You hit the ogre. You headbutt the ogre!
The ogre is heavily wounded.
The ogre barely misses you.
Unknown command.
You barely miss the ogre.
The ogre is heavily wounded.
The ogre barely misses you.
Unknown command.
You closely miss the ogre.
The ogre is heavily wounded.
The ogre hits you with a +0 giant spiked club!!
Ouch! That really hurt!
Unknown command.
You hit the ogre.
The ogre is heavily wounded.
The ogre hits you with a +0 giant spiked club!!
You die...

#..#
###...####
##..# #...#
# ##...#
##### #
##.#..#
#####
#.###.#
.....
##.#[#####
#####
##..#...
###..#.####
#..@......#
#.#O.#.##.#
#.#..#.##.#
#.#........
#.#.......#
#.†)...#..#
#...).....#
#......$...
#...[......


You could see an ogre.

Vanquished Creatures
  Natasha (thrice) (D:2)
  5 adders
  A white imp (D:4)
  2 dart slugs (D:1)
  2 orcs (D:3)
  9 bats
  7 endoplasms
  3 giant cockroaches
  4 goblins
  5 hobgoblins
  6 jackals (D:4)
  5 kobolds
  A quokka (D:1)
  4 ball pythons
  3 frilled lizards
  A rat (D:2)
61 creatures vanquished.

Notes
Turn   | Place    | Note
-------+----------+-------------------------------------------
     0 | D:1      | Erymatos the Minotaur Berserker began the quest for the
                  | Orb.
     0 | D:1      | Reached XP level 1. HP: 19/19 MP: 0/0
   246 | D:1      | Reached skill level 4 in Axes
   264 | D:1      | Reached XP level 2. HP: 27/27 MP: 1/1
   768 | D:1      | Reached ** piety under Trog
   769 | D:1      | Reached XP level 3. HP: 31/33 MP: 2/2
   807 | D:1      | Found a faded altar of an unknown god.
   869 | D:2      | Noticed Natasha
   872 | D:2      | Killed Natasha
  1110 | D:2      | Reached skill level 5 in Axes
  1110 | D:2      | Reached XP level 4. HP: 29/41 MP: 3/3
  1551 | D:2      | Noticed Natasha
  1560 | D:2      | Killed Natasha
  1648 | D:2      | Noticed Natasha
  1654 | D:2      | Killed Natasha
  1655 | D:2      | Reached XP level 5. HP: 47/47 MP: 4/4
  1921 | D:3      | Found a bloodstained altar of Trog.
  2095 | D:3      | Found a stormy altar of Qazlal.
  2150 | D:3      | You fall into a shaft and drop 1 floor!
  2657 | D:4      | Reached skill level 5 in Fighting
  2657 | D:4      | Reached skill level 6 in Axes
  2667 | D:4      | Noticed an ogre
  2677 | D:4      | Slain by an ogre

Illustrated notes

Levels and vault maps discovered:
D:1:      lightli_arrival_windingriver, layout_basic,
          shapermc_ecumenical_altar_hornbeckon
D:2:      layout_rooms, minmay_misc_feat_tower, uniq_natasha
D:3:      layout_basic, mainiacjoe_overflow_concentric_impassable,
          nicolae_qazlal_scattered_showers, minmay_misc_feat_rows,
          minmay_misc_feat_hallway
D:4:      layout_loops_ring

Skill      XL: |  1  2  3  4  5 |
---------------+----------------+-----
Axes           | 4 5 6 |  6.0
Fighting       | 4 5 |  5.0
Armour         | |  2.9
Dodging        | |  2.9

Action                   |  1- 3 |  4- 6 || total
-------------------------+-------+-------++-------
Melee: Hand axe          |    63 |    72 ||   135
       Headbutt          |    10 |    12 ||    22
Invok: Berserk           |       |     3 ||     3
 Stab: Sleeping          |     1 |       ||     1
Armor: Animal skin       |    15 |     6 ||    21
       Ring mail         |       |    13 ||    13
Dodge: Dodged            |    37 |    47 ||    84
